Map: Ruins of Seras

Players

Bagain

  • Race: Protoss Protoss
  • League: Gold

현이지 - Winner!

  • Race: Terran Terran

VOD

Have the link to the VOD?

Description

Time

  • Played on: Feb. 2, 2016, 9:43 a.m.
  • Length: 10:53
Show
View Real Time Build Order
Export as new Build Order

Bagain Protoss 

Build Orders:  

Get SALT Encoding   

  12  0:01  Probe (Chrono Boost)  
  13  0:18  Probe (Chrono Boost)  
  13  0:19  Pylon  
  14  0:28  Probe (Chrono Boost)  
  15  0:39  Probe (Chrono Boost)  
  17  0:50  Probe (Chrono Boost)  
  17  1:08  Nexus  
  17  1:13  Gateway  
  17  1:23  Assimilator  
  17  1:32  Pylon  
  17  1:34  Probe (Chrono Boost)  
  18  1:45  Probe (Chrono Boost)  
  19  2:03  Gateway  
  19  2:05  Cybernetics Core  
  19  2:06  Probe (Chrono Boost)  
  20  2:14  Pylon  
  20  2:17  Probe (Chrono Boost)  
  20  2:22  Assimilator  
  21  2:27  Probe (Chrono Boost)  
  23  2:38  Probe (Chrono Boost)  
  23  2:42  Mothership Core (Chrono Boost)  
  25  2:46  Adept  
  25  2:49  Probe (Chrono Boost)  
  28  3:00  Probe (Chrono Boost)  
  28  3:01  Forge  
  29  3:08  Probe (Chrono Boost)  
  29  3:11  Sentry, Pylon, Probe (Chrono Boost)  
  33  3:20  Adept  
  33  3:25  Probe (Chrono Boost)  
  36  3:27  Probe (Chrono Boost)  
  37  3:35  Pylon  
  37  3:36  Probe (Chrono Boost)  
  36  3:52  Adept (Chrono Boost)  
  37  3:56  Adept (Chrono Boost)  
  33  4:20  Adept (Chrono Boost), Probe  
  33  4:24  Adept (Chrono Boost)  
  26  4:53  Probe  
  26  4:54  Probe  
  26  4:57  Zealot x2 (Chrono Boost)  
  32  5:06  Pylon  
  32  5:08  Pylon  
  32  5:09  Cybernetics Core  
  32  5:13  Photon Cannon  
  32  5:14  Gateway  
  32  5:23  Probe  
  33  5:35  Probe  
  34  5:40  Zealot x2 (Chrono Boost)  
  38  5:43  Assimilator  
  38  5:51  Photon Cannon  
  38  5:53  Photon Cannon  
  38  5:58  Probe x2  
  40  6:05  Warp Gate  
  40  6:09  Adept (Chrono Boost)  
  40  6:10  Adept (Chrono Boost)  
  44  6:20  Probe x2  
  46  6:32  Probe  
  48  6:35  Twilight Council  
  48  6:39  Mothership Core  
  49  6:44  Probe  
  50  6:56  Probe  
  50  6:59  Adept x2 (Chrono Boost)  
  50  7:00  Probe  
  58  7:03  Adept (Chrono Boost)  
  58  7:08  Probe  
  59  7:12  Photon Cannon  
  59  7:13  Probe  
  60  7:20  Probe  
  61  7:24  Assimilator  
  61  7:25  Probe  
  61  7:29  Templar Archives, Resonating Glaives  
  62  7:32  Probe  
  64  7:37  Probe  
  63  7:47  Probe  
  63  7:49  Probe  
  65  7:59  Robotics Facility  
  65  8:02  Gateway  
  65  8:05  Pylon  
  65  8:12  Pylon  
  65  8:14  Photon Cannon  
  65  8:15  Pylon  
  65  8:17  Pylon  
  65  8:21  High Templar x2  
  38  9:01  Stalker x4  
  37  9:24  Sentry x4  
  38  9:35  Nexus  
  37  9:46  High Templar  
  39  10:09  Adept x2  
  43  10:14  Probe  
  26  10:45  Adept x4  
Show
View Real Time Build Order
Export as new Build Order

현이지 Terran - Winner!

Build Orders:  

Get SALT Encoding   

  12  0:01  SCV  
  13  0:13  SCV  
  14  0:22  Supply Depot  
  14  0:25  SCV  
  15  0:46  Barracks  
  15  0:52  Supply Depot  
  15  1:05  Barracks  
  15  1:16  Barracks  
  15  1:27  Barracks  
  15  1:41  Marine  
  16  1:54  Marine  
  16  1:58  Marine  
  18  2:02  Refinery, SCV  
  18  2:03  Marine  
  20  2:12  Marine  
  20  2:14  SCV  
  22  2:15  Marine  
  22  2:16  Marine  
  24  2:29  Supply Depot, Marine  
  25  2:35  Marine  
  25  2:36  Marine  
  26  2:38  Marine  
  27  2:47  Marine  
  28  2:53  Marine  
  29  3:00  Marine x2  
  29  3:05  Marine  
  32  3:11  Marine  
  33  3:18  Marine x2  
  35  3:20  Refinery  
  35  3:22  Marine  
  27  4:21  Marine x4  
  30  4:39  Marine  
  30  4:45  Barracks Tech Lab x2  
  24  4:53  Barracks Reactor  
  23  5:03  Orbital Command  
  23  5:07  Stimpack, Concussive Shells  
  23  5:12  Factory  
  23  5:18  Marauder x2  
  27  5:24  Barracks Reactor  
  27  5:47  SCV  
  28  5:57  Factory Reactor  
  28  5:59  Starport, SCV  
  29  6:06  Marine x2, Marauder  
  29  6:07  Marauder  
  35  6:13  Supply Depot  
  35  6:19  SCV  
  35  6:24  Marine x2  
  38  6:31  SCV  
  39  6:44  Marine x2, Marauder, SCV, Factory Tech Lab  
  44  6:53  Supply Depot  
  44  6:59  Medivac  
  46  7:15  Medivac  
  48  7:16  Supply Depot  
  48  7:17  Marine  
  49  7:29  Medivac  
  51  7:38  Siege Tank  
  51  7:40  Marine x2  
  56  7:45  Medivac  
  58  8:09  Marine x2  
  58  8:11  Siege Tank  
  58  8:47  Marine x6  
  59  9:03  Medivac  
  59  9:05  Marine x2  
  63  9:11  Marine  
  63  9:12  Marine  
  63  9:16  Marine  
  63  9:19  Marine  
  63  9:22  Marine  
  63  9:23  Marine  
  51  9:28  Medivac  
  51  9:29  Marine  
  54  9:33  Medivac  
  54  9:54  Marine x3  
  54  9:55  Marine x3  
  60  10:12  Marine  
  61  10:16  Command Center  
Tags
 
League
Gold
Matchup
PvT
Replay Pack
rep
Add a new tag
Caveats
  • Supply blocks, unpowered buildings, or Contaminate may cause inaccurate times.
  • Supply counts are checked every 10 seconds.